 Dungeon Crawl Stone Soup version 0.15.0-13-gb296d5c (webtiles) character file.

95 RobertPalmer the Poker (level 4, -3/33 HPs)
             Began as a Human Death Knight on Sept 3, 2014.
             Was a Believer of Yredelemnul.
             Killed from afar by Sigmund (5 damage)
             ... with a puff of flame
             ... on Level 2 of the Dungeon.
             The game lasted 00:05:11 (2348 turns).

RobertPalmer the Poker (Human Death Knight)         Turns: 2348, Time: 00:05:12

HP  -3/33        AC  5     Str 14      XL: 4   Next: 95%
MP  15/15        EV  9     Int 11      God: Yredelemnul [**....]
Gold 129         SH  0     Dex 13      Spells:  0 memorised,  3 levels left

rFire  . . .     SeeInvis .     a - +1 spear
rCold  . . .     Clarity  .     d - +0 ring mail
rNeg   . . .     rCorr    .     (no shield)
rPois  .         rRot     .     (no helmet)
rElec  .         Spirit   .     (no cloak)
SustAb .         Warding  .     (no gloves)
rMut   .         Stasis   .     (no boots)
Gourm  .                        (no amulet)
MR     .....                    (no ring)
                                j - ring of magical power

@: confused, not resistant to hostile enchantments, extremely unstealthy
A: no striking features
a: Animate Remains, Recall Undead Slaves, Injury Mirror, Renounce Religion


You were on level 2 of the Dungeon.
You worshipped Yredelemnul.
Yredelemnul was pleased with you.
You were hungry.

You visited 1 branch of the dungeon, and saw 3 of its levels.

You collected 129 gold pieces.


   Skills:
 - Level 2.0 Fighting
 + Level 4.7 Polearms
 - Level 1.0 Armour
 - Level 1.0 Dodging
 - Level 3.0 Invocations


You had 3 spell levels left.
You didn't know any spells.

Inventory:

Hand weapons
 a - a +1 spear (weapon)
Armour
 b - a +0 leather armour
 d - a +0 ring mail (worn)
Comestibles
 c - 3 bread rations
 f - 2 slices of pizza
 g - 4 meat rations
 o - 3 fruits
Scrolls
 e - 2 scrolls of teleportation
 i - 2 scrolls of magic mapping {unknown}
 k - a scroll of remove curse {unknown}
 l - a scroll of identify
 m - a scroll of fog {unknown}
 n - a scroll of fear {unknown}
Jewellery
 j - a ring of magical power (left hand)

Dungeon Overview and Level Annotations

Branches:
Dungeon (3/15)

Altars:

Annotations:
D:2 Sigmund

...######..######...#....#
...# ##..## ##..###.[..#
#..####..######..## ###.##
#....Z...#....#.## #.#####
#..##.Z..####...# #.#...##
#..##.#.#####..## #......#
#..##.#.# #.....#######......#
........###..........Z.Z.....#
..............#.@.#####......#
####.######...###..####......#
..##.# #.....# ##.##...#...##
.(...# ##.#...# #>##.....###
#.######..##### #.##Z<..##
#...# #..#########.(....##
###.# #.###.............# #.#
#.##..#####.......# #.#
#.#..## #..###...#


You could see a friendly adder zombie and a friendly giant cockroach zombie.


Message History

You reach to attack!
You barely miss Sigmund.
Sigmund is moderately wounded.
Your adder zombie bites Sigmund.
Attack whom?
Aim: Sigmund, wielding a runed scythe and wearing a robe (heavily wounded)
You could not reach far enough!
Sigmund casts a spell.
Sigmund flickers and vanishes!
Something hits your kobold zombie!
Your kobold zombie is destroyed!
Your adder zombie bites something.
The magic dart hits your adder zombie. Something hits your adder zombie!
Your adder zombie is destroyed!
Something hits your hobgoblin zombie!
Your hobgoblin zombie is destroyed!
You see here 2 stones.
You are confused.
Something tries to affect you, but you resist.
The puff of flame hits you!
* * * LOW HITPOINT WARNING * * *
Ouch! Something hits you!
* * * LOW HITPOINT WARNING * * *
You hear some strange, mumbled words.
You are more confused.
You are more confused.
The puff of flame hits you!
You die...
Your body rises from the dead as a mindless zombie.

Action                   |  1- 3 |  4- 6 || total
-------------------------+-------+-------++-------
Melee: Spear             |   115 |    81 ||   196
Invok: Animate Remains   |     4 |     9 ||    13
  Use: Potion            |     1 |     1 ||     2
       Scroll            |       |     2 ||     2
 Stab: Invisible         |       |     2 ||     2
  Eat: Chunk             |       |     5 ||     5

Vault maps used:
D:1:      saegor_arrival_simple_b
D:2:      first_bread, due_unseen_surprise
D:3:      portal_sewer_entry_e, nrook_mini_vaults, grunt_decor_cap, uniq_sigmund

Notes
Turn   | Place    | Note
--------------------------------------------------------------
     0 | D:1      | RobertPalmer, the Human Death Knight, began the quest for the Orb.
     0 | D:1      | Reached XP level 1. HP: 16/16 MP: 2/2
   125 | D:1      | Reached XP level 2. HP: 19/22 MP: 3/3
   235 | D:1      | Reached skill level 3 in Polearms
   457 | D:1      | Reached XP level 3. HP: 24/27 MP: 1/5
   553 | D:2      | Acquired Yredelemnul's second power
   985 | D:2      | Reached skill level 4 in Polearms
   985 | D:2      | Reached XP level 4. HP: 24/33 MP: 6/6
  1886 | D:3      | Noticed Sigmund
  2344 | D:2      | HP: 1/33 [something (7)]
  2348 | D:2      | Killed from afar by Sigmund

Vanquished Creatures
  5 adders (D:2)
  A worm (D:2)
  2 giant cockroaches
  6 hobgoblins
  A jackal (D:2)
  4 kobolds
  A quokka (D:3)
  9 bats
  A giant gecko (D:1)
  3 giant newts
  9 goblins
  7 rats
49 creatures vanquished.

Vanquished Creatures (others)
  2 adder zombies (D:2)
  A giant newt zombie (D:2)
  A hobgoblin skeleton (D:3)
  A hobgoblin zombie (D:2)
  A jackal zombie (D:2)
  A kobold zombie (D:2)
  A rat zombie (D:2)
8 creatures vanquished.

Grand Total: 57 creatures vanquished
